 Dungeon Crawl Stone Soup version 0.32-a0-21-gdaabb59 (webtiles) character file.

Game seed: 3589233216429570634

1595 Geeful the Trooper (level 8, 0/57 (64) HPs)
             Began as a Demonspawn Fighter on Jan 10, 2024.
             Slain by a wight
             ... wielding a +3 flail
              (2 damage)
             ... on level 8 of the Dungeon on Jan 17, 2024.
             The game lasted 00:13:03 (3459 turns).

Geeful the Trooper (Demonspawn Fighter)             Turns: 3459, Time: 00:13:03

HP:   0/57 (64)     AC: 13    Str: 21    XL:     8   Next: 62%
MP:   8/8           EV: 10    Int:  7    God:
Gold: 1139          SH:  5    Dex: 16    Spells: 7/7 levels left

rFire   . . .        a - +1 long sword
rCold   . . .        c - +0 buckler
rNeg    . . .        n - +0 chain mail
rPois   .            u - +1 hat
rElec   .            s - +0 cloak
rCorr   .            q - +0 pair of gloves
SInv    .            (no boots)
Will    ++...        (no amulet) Stlth
                     o - ring of willpower
HPRegen 0.29/turn    (no ring)
MPRegen 0.11/turn

%: no passive effects
@: mighty, enlightened, flying, heavily drained
A: antennae 1, spiny 2, agile 1, strong 1
a: no special abilities


You were on level 8 of the Dungeon.
You visited 1 branch of the dungeon, and saw 6 of its levels.

You collected 1216 gold pieces.
You spent 77 gold pieces at shops.

Inventory:

Hand Weapons
 a - a +1 long sword (weapon)
Missiles
 v - 2 throwing nets (quivered)
Armour
 c - a +0 buckler (worn)
 g - a +1 helmet
 n - a +0 chain mail (worn)
 q - a +0 pair of gloves (worn)
 s - a +0 cloak (worn)
 u - a +1 hat (worn)
Jewellery
 o - a ring of willpower (left hand)
Wands
 j - a wand of flame (19)
Scrolls
 e - a scroll of enchant weapon
 f - a scroll of immolation
 l - a scroll of noise
 m - a scroll of blinking
 t - 2 scrolls of identify
Potions
 h - a potion of berserk rage {unknown}
 k - a potion of curing
 p - 3 potions of enlightenment


   Skills:
 + Level 5.7 Fighting
 + Level 4.7 Long Blades
 + Level 5.2 Armour
 + Level 4.2 Dodging
 + Level 5.1 Shields


You had 7 spell levels left.
You didn't know any spells.
Your spell library contained the following spells:

 Spells                   Type           Power      Damage    Failure   Level
 Freeze                   Ice            0%         1d3       98%         1
 Cigotuvi's Dreadful Rot  Necr/Alch/Air  0%         N/A       99%         2
 Frozen Ramparts          Ice            0%         1d1       100%        3
 Hailstorm                Conj/Ice       0%         3d5       100%        3
 Brom's Barrelling Bould  Conj/Erth      0%         2d3       100%        4
 Ignite Poison            Fire/Alch      0%         N/A       100%        4
 Martyr's Knell           Necr/Summ      0%         N/A       100%        4
 Summon Blazeheart Golem  Fire/Summ      0%         N/A       100%        4
 Fireball                 Conj/Fire      0%         3d3       100%        5
 Freezing Cloud           Conj/Ice/Air   0%         6-21      100%        5
 Iskenderun's Battlesphe  Conj           0%         2d6       100%        5
 Summon Mana Viper        Hex/Summ       0%         N/A       100%        5
 Conjure Ball Lightning   Conj/Air       0%         3x3d6     100%        6
 Orb of Destruction       Conj           0%         9d5       100%        7


Dungeon Overview and Level Annotations

Branches:
Dungeon (5/15)
 Temple: D:4-7

Altars:

Shops:
D:3 !   D:5 *

Annotations:
D:8 Jeremiah, Joseph


Innate Abilities, Weirdness & Mutations

You have a pair of small antennae on your head.
You are mostly covered in sharp spines.
You are agile. (Dex +4, Str/Int -1)
Your muscles are strong. (Str +4, Int/Dex -1)


Message History

Things that are here:
a +0 dagger; a kobold corpse You slash the orc priest!
The orc priest is almost dead.
You block the orc priest's attack.
You slash the orc priest!
You kill the orc priest!
You hit the yak.
The yak is lightly wounded.
The yak closely misses you. The kobold hits you with a +0 club.
* * * LOW HITPOINT WARNING * * *
The yak is struck by your spines. The yak gores you but does no damage.
You hit the yak but do no damage.
The yak is moderately wounded.
The kobold is struck by your spines.
You kill the kobold!
The yak barely misses you.
You feel much better. The wight hits you but does no damage.
You block the yak's attack.
You feel very mighty all of a sudden. The wight is struck by your spines.
The wight barely misses you. The yak is struck by your spines.
The yak gores you.
You barely miss the yak.
The yak is moderately wounded.
Jeremiah lets out a twisted cry.
Something smites you! The wight is struck by your spines.
The wight hits you with a +3 flail!
* * * LOW HITPOINT WARNING * * *
You feel drained.
* * * LOW HITPOINT WARNING * * *
The yak is struck by your spines. The yak gores you.
* * * LOW HITPOINT WARNING * * *
It was a potion of enlightenment.
You feel very buoyant.
You fly up into the air.
The wight barely misses you. The yak gores you but does no damage.
It was a potion of mutation.
You feel extremely strange.
You feel agile.
You feel stronger. The wight hits you with a +3 flail.
You die...

######.###Y##.#
#K# #K##.# #.#
#.##.# # #z#
#.##.######.#.
#K#
#Y##.(^.......
#.# #....).o.#
#.# ######.#.#
#.########F# ..


#Kz@YoKYbKo# o.o ############ .#. # You could see Jeremiah, 2 yaks, a kobold
brigand, a wight, an orc priest, an orc and 2 kobolds.

Vanquished Creatures
  Pikel (D:3)
  A wyvern (D:8)
  Duvessa (D:4)
  A phantom (D:2)
  A lemure (D:4)
  A scorpion (D:4)
  2 wights (D:8)
  Dowan (D:4)
  3 electric eels (D:3)
  Crazy Yiuf (D:3)
  A hound (D:4)
  5 orc priests
  5 orc wizards
  Robin (D:4)
  3 gnolls (D:4)
  2 adders
  A shadow imp (D:5)
  2 dart slugs
  A ribbon worm (D:5)
  13 orcs
  A ball python (D:4)
  6 endoplasms
  A giant cockroach (D:4)
  5 hobgoblins
  2 jackals (D:4)
  6 quokkas
  3 bats
  6 frilled lizards
  14 goblins
  8 kobolds
  2 rats (D:1)
101 creatures vanquished.

Notes
Turn   | Place    | Note
-------+----------+-------------------------------------------
     0 | D:1      | Geeful the Demonspawn Fighter began the quest for the Orb.
     0 | D:1      | Reached XP level 1. HP: 18/18 MP: 1/1
   186 | D:1      | Gained mutation: You have a pair of small antennae on your
                  | head. [demonic ancestry]
   186 | D:1      | Reached XP level 2. HP: 24/24 MP: 2/2
   186 | D:1      | Upgraded the game from 0.31-a0-1616-gbeaec30 to
                  | 0.32-a0-21-gdaabb59
   550 | D:2      | Noticed a phantom
   573 | D:2      | Killed a phantom
   574 | D:2      | Reached skill level 1 in Dodging
   574 | D:2      | Gained mutation: You are partially covered in sharp spines.
                  | [demonic ancestry]
   574 | D:2      | Reached XP level 3. HP: 17/29 MP: 3/3
   574 | D:2      | Gained mutation: You are mostly covered in sharp spines.
                  | [demonic ancestry]
   574 | D:2      | Reached XP level 4. HP: 20/35 MP: 4/4
   992 | D:2      | Found a faded altar of an unknown god.
  1469 | D:3      | Found a transporter.
  1492 | D:3      | Reached XP level 5. HP: 42/42 MP: 5/5
  1520 | D:3      | Found a transporter.
  1585 | D:3      | Reached XP level 6. HP: 48/48 MP: 6/6
  1631 | D:3      | Got the Disquisition on Formation
  1834 | D:3      | Found Xanulyomun's Distillery.
  1884 | D:3      | Bought a potion of curing for 33 gold pieces
  1884 | D:3      | Bought a potion of might for 44 gold pieces
  1957 | D:3      | Found a runed translucent door.
  1958 | D:3      | Noticed Crazy Yiuf
  1966 | D:3      | Killed Crazy Yiuf
  2231 | D:4      | Noticed Duvessa
  2237 | D:4      | Noticed Dowan
  2251 | D:4      | Killed Duvessa
  2266 | D:4      | Killed Dowan
  2267 | D:4      | Reached XP level 7. HP: 31/55 MP: 7/7
  2291 | D:4      | Noticed Robin
  2302 | D:4      | Killed Robin
  2345 | D:4      | Noticed Pikel
  2393 | D:3      | Killed Pikel
  2394 | D:3      | Reached skill level 5 in Fighting
  2394 | D:3      | Reached XP level 8. HP: 24/62 MP: 8/8
  3117 | D:5      | Entered Level 5 of the Dungeon
  3129 | D:5      | Found Hyiseoh's General Store.
  3273 | D:5      | You fall into a shaft and drop 3 floors!
  3285 | D:8      | Identified a scroll of acquirement
  3285 | D:8      | Acquired 914 gold pieces
  3286 | D:8      | Noticed Jeremiah
  3327 | D:8      | Noticed Joseph
  3342 | D:8      | Reached skill level 5 in Armour
  3342 | D:8      | Reached skill level 5 in Shields
  3457 | D:8      | HP: 2/57 [yak (3)]
  3459 | D:8      | Gained mutation: You are agile. (Dex +4, Str/Int -1)
                  | [potion of mutation]
  3459 | D:8      | Gained mutation: Your muscles are strong. (Str +4, Int/Dex
                  | -1) [potion of mutation]
  3459 | D:8      | Slain by a wight

Illustrated notes

Levels and vault maps discovered:
D:1:      elethiomel_arrival_infinity_welcomes_careful_drivers, layout_rooms
D:2:      layout_loops_corners, ebering_ecumenical_altar_sacrificial,
          minivault_25, corexii_leaking_fountain
D:3:      gammafunk_steamed_eel, layout_rooms, serial_shops,
          nicolae_shop_tiny_glass, uniq_crazy_yiuf_cottage
D:4:      layout_cave_pools, uniq_duvessa, uniq_robin, uniq_pikel
D:5:      layout_basic, serial_shops, shop
D:8:      layout_loops_ring, nicolae_overflow_hidden_temple, uniq_joseph,
          uniq_jeremiah

Skill      XL: |  1  2  3  4  5  6  7  8 |
---------------+-------------------------+-----
Long Blades    | 2 3 4 |  4.7
Armour         | 3 4 5 |  5.2
Dodging        | 1 2 3 4 |  4.2
Shields        | 3 4 5 |  5.1
Fighting       | 4 5 |  5.7

Action                     |  1- 3 |  4- 6 |  7- 9 || total
---------------------------+-------+-------+-------++-------
  Melee: Long sword        |    52 |    71 |   128 ||   251
  Evoke: Wand              |       |     8 |       ||     8
    Use: Scroll            |       |     3 |     6 ||     9
         Potion            |       |     2 |     6 ||     8
 Armour: Scale mail        |    47 |     1 |       ||    48
         Chain mail        |       |    48 |   116 ||   164
  Dodge: Dodged            |    18 |    29 |    51 ||    98
  Block: Buckler           |    13 |    20 |    43 ||    76

Table legend: (Time is in decaauts)
 A = Elapsed time spent in this place.
 B = Non-inter-level travel time spent in this place.
 C = Inter-level travel time spent in this place.
 D = Time resting spent in this place.
 E = Time spent auto-exploring this place.
 F = Levels seen in this place.
 G = Mean time per level.
                   A        B        C        D        E       F      G
               +--------+--------+--------+--------+--------+-----+--------+
         Total |   3526 |   3422 |    104 |    230 |   2265 |   6 |  587.7 |
       Dungeon |   3526 |   3422 |    104 |    230 |   2265 |   6 |  587.7 |
               +--------+--------+--------+--------+--------+-----+--------+

Top non-repeatable levels by time:
     D:2: 953 daAuts
     D:3: 911 daAuts
     D:4: 777 daAuts
     D:1: 534 daAuts
     D:8: 188 daAuts
     D:5: 161 daAuts
